 Dungeon Crawl Stone Soup version 0.20.1-1-g8b1a95d (webtiles) character file.

1891 Irenicus the Cleaver (level 8, -2/67 HPs)
             Began as a Deep Dwarf Gladiator on Oct 27, 2017.
             Slain by a wight
             ... wielding a +2 halberd of freezing
              (4 damage)
             ... on level 7 of the Dungeon.
             The game lasted 00:14:53 (4068 turns).

Irenicus the Cleaver (Deep Dwarf Gladiator)         Turns: 4068, Time: 00:14:54

Health: -2/67      AC:  5    Str: 17 (19) XL:     8   Next: 93%
Magic:  4/4        EV: 13    Int:  8      God:
Gold:   307        SH:  0    Dex: 17 (19) Spells: 7/7 levels left

rFire    . . .     SeeInvis .   C - +1 hand axe (freeze)
rCold    . . .     Gourm    .   (no shield)
rNeg     . . .     Faith    .   b - +0 leather armour
rPois    .         Spirit   .   w - +0 helmet
rElec    .         Reflect  .   (no cloak)
rCorr    .         Harm     .   s - +0 pair of gloves
MR       +....                  (no boots)
Stlth    +.........             (no amulet)
Regen    0.0/turn               m - +3 ring of dexterity
MPRegen  0.1/turn               (no ring)

@: non-regenerating, drained
A: damage resistance, heal wounds, mutation resistance 1, sense surroundings 1,
no regeneration
a: Heal Wounds


You were on level 7 of the Dungeon.
You were not hungry.

You visited 1 branch of the dungeon, and saw 8 of its levels.

You collected 307 gold pieces.

Inventory:

Hand Weapons
 a - a +0 war axe
 C - a +1 hand axe of freezing (weapon)
Missiles
 d - 2 throwing nets (quivered)
Armour
 b - a +0 leather armour (worn)
 c - a +0 helmet
 s - a +0 pair of gloves (worn)
 w - a +0 helmet (worn)
Jewellery
 m - a +3 ring of dexterity (left hand)
Scrolls
 e - a scroll of recharging {unknown}
 h - 3 scrolls of noise
 j - a scroll of teleportation
 l - 3 scrolls of identify
 n - 3 scrolls of remove curse {unknown}
 o - 2 scrolls of amnesia {unknown}
 p - 2 scrolls of immolation {unknown}
 r - a scroll of random uselessness {unknown}
 u - a scroll of fog {unknown}
 B - a scroll of enchant weapon
Potions
 i - 3 potions of curing
Comestibles
 f - 7 bread rations
 g - 4 meat rations
 k - 21 fruits
 q - 3 chunks of flesh
 t - 3 royal jellies


   Skills:
 - Level 2.0(1.9) Fighting
 + Level 12.6 Axes
 - Level 1.7 Throwing
 - Level 3.2 Dodging


You had 7 spell levels left.
You didn't know any spells.

Dungeon Overview and Level Annotations

Branches:
Dungeon (8/15)
 Temple: D:4-7         Lair: D:8-11

Altars:

Annotations:
D:6 keltmir's ghost, novice MiAK
D:7 Joseph


Innate Abilities, Weirdness & Mutations

You are resistant to damage.
You can heal yourself by infusing magical energy.
You passively map a small area around you.
You do not regenerate.
You are somewhat resistant to further mutation.


Message History

The wight is heavily damaged.
You hit the wight.
The wight is severely damaged.
The wight misses you.
Joseph shoots a sling bullet.
The sling bullet hits you.
You hit the wight.
The wight is almost destroyed.
Joseph unwields an uncursed hunting sling.
Joseph wields an uncursed quarterstaff.
Joseph hits you with an uncursed quarterstaff!!
* * * LOW HITPOINT WARNING * * *
The wight closely misses you. The wight hits you but does no damage.
The wight hits you with a short sword.
* * * LOW HITPOINT WARNING * * *
Found a scroll labeled AXTUJ OSHEE.
You fail to use your ability.
The wight hits you with an enchanted great sword.
* * * LOW HITPOINT WARNING * * *
Joseph hits you but does no damage.
The wight hits you from afar with a halberd of freezing.
You die...

......###..............,
*
...##.................##
...............#........
..........###..#........
...........###.#........,
........................
........................
,
......#........(z.......
..###+#....##.##@@..#.. .
#...........##zz......
..#...........##W.z.....
,
...<..........##........
........#.###.##........
,
..###......##.##........
, ..*
#......##......#...#, .
.......#*, ..?.....# , ,
. .......# , ,


You could see Joseph, a phantom and 4 wights.

Vanquished Creatures
  The ghost of camposddc the Grasshopper, an amateur CeWr of Qazlal (D:4)
  Grinder (D:3)
  A black bear (D:7)
  2 ogres
  A bullfrog (D:8)
  2 killer bees (D:7)
  3 wights (D:6)
  2 howler monkeys
  3 crimson imps (D:5)
  A centaur zombie (D:5)
  2 hounds
  A bullfrog skeleton (D:6)
  3 orc priests
  6 orc wizards
  Jessica (D:3)
  An iguana (D:4)
  Terence (D:3)
  4 worker ants
  A hound skeleton (D:6)
  3 gnolls (D:5)
  4 adders
  2 shadow imps (D:5)
  An adder skeleton (D:5)
  5 worms
  4 dart slugs
  5 leopard geckos
  21 orcs
  2 ball pythons
  4 giant cockroaches
  4 hobgoblins
  9 jackals
  4 quokkas
  8 bats
  8 frilled lizards
  8 goblins
  2 jackal skeletons
  13 kobolds
  11 rats
155 creatures vanquished.

Vanquished Creatures (others)
  A plant (D:1)
1 creature vanquished.

Grand Total: 156 creatures vanquished

Notes
Turn   | Place    | Note
-------+----------+-------------------------------------------
     0 | D:1      | Irenicus the Deep Dwarf Gladiator began the quest for the Orb.
     0 | D:1      | Reached XP level 1. HP: 19/19 MP: 1/1
    88 | D:1      | Reached XP level 2. HP: 26/26 MP: 2/2
    90 | D:1      | Reached skill level 4 in Axes
   350 | D:1      | Reached XP level 3. HP: 27/32 MP: 3/3
   695 | D:2      | Reached skill level 5 in Axes
   865 | D:2      | Reached XP level 4. HP: 36/39 MP: 4/4
  1075 | D:3      | Noticed Terence
  1082 | D:3      | Killed Terence
  1201 | D:3      | Noticed Grinder
  1208 | D:3      | Noticed Jessica
  1209 | D:3      | Paralysed by Grinder for 4 turns
  1214 | D:3      | Killed Jessica
  1214 | D:3      | Reached skill level 6 in Axes
  1219 | D:3      | Killed Grinder
  1219 | D:3      | Reached skill level 7 in Axes
  1219 | D:3      | Reached XP level 5. HP: 21/45 MP: 5/5
  1219 | D:3      | Reached XP level 6. HP: 24/52 MP: 6/6
  2111 | D:2      | Reached skill level 8 in Axes
  2206 | D:4      | Noticed camposddc's ghost (amateur CeWr)
  2247 | D:4      | Gained mutation: You are somewhat resistant to further mutation. [potion of mutation]
  2287 | D:4      | Killed camposddc's ghost
  2287 | D:4      | Reached skill level 9 in Axes
  2287 | D:4      | Reached XP level 7. HP: 26/58 MP: 7/7
  2764 | D:5      | Entered Level 5 of the Dungeon
  2827 | D:5      | Reached skill level 10 in Axes
  3078 | D:5      | Reached XP level 8. HP: 20/66 MP: 8/8
  3315 | D:5      | Reached skill level 11 in Axes
  3801 | D:6      | Reached skill level 12 in Axes
  3831 | D:6      | Noticed keltmir's ghost (novice MiAK)
  3943 | D:8      | Noticed a two-headed ogre
  3993 | D:8      | Noticed a hippogriff
  4057 | D:7      | Noticed Joseph
  4068 | D:7      | HP: 2/67 [wight/enchanted great sword (4)]
  4068 | D:7      | Slain by a wight

Skill      XL: |  1  2  3  4  5  6  7  8 |
---------------+-------------------------+-----
Axes           | 4 5 7 9 10 12 | 12.6
Fighting       | 2 |  2.0
Throwing       | |  1.7
Dodging        | |  3.2

Action                   |  1- 3 |  4- 6 |  7- 9 || total
-------------------------+-------+-------+-------++-------
Melee: War axe           |   127 |   135 |   117 ||   379
       Hand axe          |       |       |   191 ||   191
Throw: Throwing net      |       |     3 |     8 ||    11
       Tomahawk          |       |       |     6 ||     6
 Abil: Heal Wounds       |     1 |     2 |    11 ||    14
  Use: Potion            |       |     3 |    10 ||    13
       Scroll            |       |       |     5 ||     5
 Stab: Held in net/web   |       |     1 |       ||     1
       Sleeping          |       |     1 |       ||     1
  Eat: Chunk             |       |     4 |     7 ||    11
Armor: Leather armour    |    28 |    30 |    73 ||   131
       Skin              |       |    14 |    23 ||    37
Dodge: Dodged            |    92 |    72 |   203 ||   367
